 Dungeon Crawl Stone Soup version 0.22.1-2-g9c5b331383 (webtiles) character file.

82 NiceUrsa the Skirmisher (level 4, -1/35 HPs)
             Began as a Demonspawn Abyssal Knight on Dec 7, 2018.
             Was a Believer of Lugonu.
             Killed by divine providence
             ... invoked by an orc priest
              (12 damage)
             ... on level 3 of the Dungeon.
             The game lasted 00:21:58 (1630 turns).

NiceUrsa the Skirmisher (Demonspawn Abyssal Knight) Turns: 1630, Time: 00:21:59

Health: -1/35      AC: 10    Str: 14    XL:     4   Next: 21%
Magic:  6/6        EV:  6    Int: 13    God:    Lugonu [**....]
Gold:   138        SH:  0    Dex: 12    Spells: 3/3 levels left

rFire    + . .     SeeInvis .   a - +1 hand axe
rCold    . . .     Gourm    .   (no shield)
rNeg     . . .     Faith    .   s - +0 chain mail
rPois    .         Spirit   .   (no helmet)
rElec    .         Reflect  .   (no cloak)
rCorr    .         Harm     .   (no gloves)
MR       .....                  (no boots)
Stlth    ..........             (no amulet)
HPRegen  0.11/turn              (no ring)
MPRegen  0.10/turn              (no ring)

@: no status effects
A: claws 1, yellow scales 1, fire resistance 1
a: Depart the Abyss, Bend Space, Renounce Religion


You were on level 3 of the Dungeon.
You worshipped Lugonu.
Lugonu was pleased with you.
You were not hungry.

You visited 1 branch of the dungeon, and saw 3 of its levels.
You visited the Abyss 1 time.

You collected 138 gold pieces.

Inventory:

Hand Weapons
 a - a +1 hand axe (weapon)
Armour
 h - a +0 naga barding
 s - a +0 chain mail (worn)
Jewellery
 i - an uncursed ring of protection from fire {unknown}
 q - an uncursed ring of wizardry {unknown}
Scrolls
 e - a scroll of noise {unknown}
 n - 4 scrolls of identify
 o - 2 scrolls of remove curse
 r - 3 scrolls of fog
Potions
 b - a potion of brilliance {unknown}
Comestibles
 c - 7 rations
 d - a chunk of flesh


   Skills:
 - Level 3.5 Fighting
 + Level 2.9 Axes
 * Level 2.3 Armour
 - Level 1.0 Dodging
 * Level 3.2 Invocations


You had 3 spell levels left.
You didn't know any spells.
Your spell library was empty.

Dungeon Overview and Level Annotations

Branches:
Dungeon (3/15)

Altars:
Ashenzari


Innate Abilities, Weirdness & Mutations

You have sharp fingernails.
You are partially covered in yellow scales. (AC +2)
Your flesh is heat resistant. (rF+)


Message History

The orc priest is lightly wounded.
The orc priest invokes the aid of Beogh against you.
Pain shoots through your body!
Your chain mail prevents you from hitting the orc priest.
The orc priest is lightly wounded.
The orc priest miscasts a cantrip.
A kobold comes into view. It is wielding a whip.
A goblin comes into view.
The goblin shouts!
You slash the orc priest!
The orc priest is heavily wounded.
You hit the orc.
The orc priest calls down the wrath of Beogh upon you.
Beogh smites you! The orc hits you but does no damage.
You hit the orc priest.
The orc priest is almost dead.
You hit the orc but do no damage.
The orc priest mumbles some strange prayers to Beogh against you.
Beogh smites you!
You die...

.%..< .g.# ## ...## .
.oo. #. #..# ## #.
#o.##....
#..#oog..K(.
#.>#@###.... ...
#...(....# #...#
.....##(##### ...#
#### #.# ...# #.# ...
###.#### #.# #......#
###.#### .......##.#
#......#
#.##.####.####.#.##.#


You could see an orc priest, 4 orcs, 2 goblins and a kobold.

Vanquished Creatures
  3 adders
  2 worms (D:2)
  A dart slug (D:1)
  A leopard gecko (D:1)
  An orc (D:3)
  9 bats
  4 goblins
  3 hobgoblins
  7 jackals
  A quokka (D:2)
  A frilled lizard (D:1)
  6 kobolds (D:1)
  7 rats
46 creatures vanquished.

Notes
Turn   | Place    | Note
-------+----------+-------------------------------------------
     0 | Abyss:1  | NiceUrsa the Demonspawn Abyssal Knight began the quest for
                  | the Orb.
     0 | Abyss:1  | Reached XP level 1. HP: 18/18 MP: 2/2
    77 | D:1      | Escaped the Abyss
   194 | D:1      | Reached skill level 1 in Dodging
   242 | D:1      | Gained mutation: You are partially covered in yellow
                  | scales. (AC +2) [demonic ancestry]
   242 | D:1      | Reached XP level 2. HP: 24/24 MP: 3/3
   680 | D:1      | Reached ** piety under Lugonu
   732 | D:1      | Gained mutation: Your flesh is heat resistant. (rF+)
                  | [demonic ancestry]
   732 | D:1      | Reached XP level 3. HP: 17/29 MP: 5/5
  1106 | D:2      | Found a shattered altar of Ashenzari.
  1401 | D:2      | Gained mutation: You have sharp fingernails. [demonic
                  | ancestry]
  1401 | D:2      | Reached XP level 4. HP: 9/35 MP: 6/6
  1630 | D:3      | Killed from afar by an orc priest

Skill      XL: |  1  2  3 |
---------------+----------+-----
Dodging        | 1 |  1.0
Axes           | 2 |  2.9
Armour         | 2 |  2.3
Invocations    | 3 |  3.2
Fighting       | |  3.5

Action                   |  1- 3 |  4- 6 || total
-------------------------+-------+-------++-------
Melee: Hand axe          |   131 |    30 ||   161
Invok: Bend Space        |     1 |       ||     1
  Use: Potion            |     4 |       ||     4
       Scroll            |       |     4 ||     4
 Stab: Sleeping          |     1 |       ||     1
  Eat: Chunk             |     2 |     1 ||     3
Armor: Leather armour    |    57 |     2 ||    59
       Chain mail        |       |    19 ||    19
Dodge: Dodged            |    81 |    24 ||   105
